 Dungeon Crawl Stone Soup version 0.29-a0-982-gaed3a0c8d8 (webtiles) character file.

Game seed: 10086339218216794769

50 gelatine the Magician (level 3, -1/24 HPs)
             Began as a Demonspawn Hedge Wizard on Aug 1, 2022.
             Slain by a jackal (3 damage)
             ... on level 2 of the Dungeon.
             The game lasted 00:04:01 (2171 turns).

gelatine the Magician (Demonspawn Hedge Wizard)     Turns: 2171, Time: 00:04:01

Health: -1/24      AC:  3    Str: 10    XL:     3   Next: 55%
Magic:  4/8        EV: 12    Int: 17    God:
Gold:   119        SH:  0    Dex: 12    Spells: 8/9 levels left

rFire   . . .      SeeInvis .   a - +0 dagger
rCold   . . .      Faith    .   (no shield)
rNeg    . . .      Spirit   .   b - +0 robe
rPois   .          Reflect  .   c - +0 hat
rElec   .          Harm     .   g - +0 cloak
rCorr   .          Rampage  .   (no gloves)
Will    .....                   (no boots)
Stlth   ++........              (no amulet)
HPRegen 0.08/turn               (no ring)
MPRegen 0.11/turn               (no ring)

@: no status effects
A: demonic touch 2
a: no special abilities


You were on level 2 of the Dungeon.
You visited 1 branch of the dungeon, and saw 2 of its levels.

You collected 119 gold pieces.

Inventory:

Hand Weapons
 a - a +0 dagger (weapon)
Armour
 b - a +0 robe (worn)
 c - a +0 hat (worn)
 g - a +0 cloak (worn)
Jewellery
 f - an amulet of faith
Scrolls
 h - a scroll of summoning {unknown}
 j - a scroll of fear {unknown}
 k - a scroll of brand weapon {unknown}
 m - a scroll of vulnerability {unknown}
 n - a scroll of teleportation {unknown}
Potions
 d - a potion of magic
 e - a potion of heal wounds {unknown}
 i - a potion of curing {unknown}
 l - a potion of ambrosia {unknown}


   Skills:
 + Level 2.0 Dodging
 + Level 2.3 Stealth
 + Level 3.8 Spellcasting
 + Level 1.5 Conjurations
 + Level 1.0 Summonings
 + Level 0.8 Translocations


You had 8 spell levels left.
You knew the following spells:

 Your Spells              Type           Power      Damage    Failure   Level
a - Magic Dart            Conj           32%        1d4       9%          1

Your spell library contained the following spells:

 Spells                   Type           Power      Damage    Failure   Level
 Slow                     Hex            12%        N/A       16%         1
 Call Imp                 Summ           6%         N/A       16%         2
 Blink                    Tloc           12%        N/A       17%         2
 Conjure Flame            Conj/Fire      5%         6-21      34%         3
 Mephitic Cloud           Conj/Pois/Air  5%         N/A       36%         3
 Tukima's Dance           Hex            3%         N/A       43%         3
 Passage of Golubria      Tloc           6%         N/A       75%         4
 Animate Dead             Necr           3%         N/A       85%         4
 Ice Form                 Ice/Tmut       3%         N/A       85%         4
 Lightning Bolt           Conj/Air       2%         1d14      97%         5
 Yara's Violent Unravell  Hex/Tmut       1%         3d3       99%         5
 Haunt                    Necr/Summ      2%         N/A       100%        7
 Infestation              Necr           1%         N/A       100%        8
 Fire Storm               Conj/Fire      2%         8d1       100%        9


Dungeon Overview and Level Annotations

Branches:
Dungeon (2/15)

Altars:

Annotations:
D:2 1 runed translucent door, Crazy Yiuf


Innate Abilities, Weirdness & Mutations

Your touch may inflict irresistible damage on your foes.


Message History

There is an escape hatch in the ceiling here.
You barely miss the jackal.
The jackal is heavily wounded.
The jackal bites you but does no damage.
You hit the jackal.
You kill the jackal!
The quokka barely misses you.
You hit the jackal.
The jackal is severely wounded.
The quokka bites you. The jackal bites you. The giant cockroach bites you.
The quokka bites you but does no damage.
You hit the jackal but do no damage. Your touch misses the jackal.
The jackal is severely wounded.
The jackal bites you. The giant cockroach bites you.
The quokka barely misses you.
You closely miss the jackal. Your touch misses the jackal.
The jackal is severely wounded.
The jackal bites you. The giant cockroach bites you.
The quokka barely misses you.
The jackal bites you but does no damage.
You hit the jackal but do no damage.
The jackal is severely wounded.
The jackal barely misses you. x2; The giant cockroach barely misses you.
The quokka closely misses you.
You hit the jackal but do no damage.
The jackal is severely wounded.
The jackal bites you but does no damage.
The jackal bites you.
The giant cockroach bites you but does no damage.
The quokka bites you. The jackal closely misses you.
The jackal bites you but does no damage.
The quokka attacks as you move away! The quokka bites you.
* * * LOW HITPOINT WARNING * * *
The jackal attacks as you move away! The jackal bites you.
* * * LOW HITPOINT WARNING * * *
The quokka barely misses you. The quokka attacks as you move away!
The quokka misses you. The jackal attacks as you move away!
The jackal closely misses you. The jackal bites you.
You die...

# #......... #.
#.#######. .##..####.#
..........##
...(.......######
.)....##.rB.....#
####. ###h####.# # #h#
#.# #.#
#@####.########.#
#...............#
###.##########..## #.#
#... ##.....
...####.###### #.##
......#
#............######...
#....>
##.####.####..........
...... #.# #.#
#..######.# ....# #.#
#.# ##..# #..


You could see a quokka, 2 jackals and a giant cockroach.

Vanquished Creatures
  An adder (D:1)
  A dart slug (D:1)
  5 ball pythons (D:1)
  7 endoplasms
  2 giant cockroaches (D:1)
  3 goblins
  2 hobgoblins (D:1)
  4 jackals
  2 kobolds (D:1)
  A quokka (D:1)
  2 bats (D:1)
  2 frilled lizards (D:1)
  3 rats
35 creatures vanquished.

Vanquished Creatures (others)
  A plant (D:1)
1 creature vanquished.

Grand Total: 36 creatures vanquished

Notes
Turn   | Place    | Note
-------+----------+-------------------------------------------
     0 | D:1      | gelatine the Demonspawn Hedge Wizard began the quest for
                  | the Orb.
     0 | D:1      | Reached XP level 1. HP: 13/13 MP: 4/4
   285 | D:1      | Gained mutation: Your touch may inflict minor irresistible
                  | damage on your foes. [demonic ancestry]
   285 | D:1      | Reached XP level 2. HP: 16/19 MP: 0/6
   693 | D:1      | Got Genynioc's Vellum of Frosty Conjuring
  1032 | D:1      | Gained mutation: Your touch may inflict irresistible damage
                  | on your foes. [demonic ancestry]
  1032 | D:1      | Reached XP level 3. HP: 24/24 MP: 2/8
  1795 | D:2      | Found a runed translucent door.
  1796 | D:2      | Noticed Crazy Yiuf
  2171 | D:2      | Slain by a jackal

Illustrated notes

Levels and vault maps discovered:
D:1:      saegor_arrival_under_anarchy, layout_loops_ring, serial_glass,
          glass_columns_b, glass_columns_c, glass_columns_a, glass_columns_b,
          glass_columns_c, glass_columns_a, glass_columns_a, glass_columns_a,
          minmay_tripent
D:2:      layout_loops_ring, kennysheep_generic_room_10, uniq_crazy_yiuf_cottage

Skill      XL: |  1  2  3 |
---------------+----------+-----
Stealth        | 2 |  2.3
Dodging        | 2 |  2.0
Spellcasting   | |  3.8
Conjurations   | |  1.5
Summonings     | |  1.0
Translocations | |  0.8

Action                   || total
-------------------------++-------
Melee: Dagger            ||    53
       Touch             ||     7
 Cast: Magic Dart        ||    78
 Stab: Sleeping          ||     1
Armor: Robe              ||    19
Dodge: Dodged            ||    63

Table legend: (Time is in decaauts)
 A = Elapsed time spent in this place.
 B = Non-inter-level travel time spent in this place.
 C = Inter-level travel time spent in this place.
 D = Time resting spent in this place.
 E = Time spent auto-exploring this place.
 F = Levels seen in this place.
 G = Mean time per level.
                   A        B        C        D        E       F      G
               +--------+--------+--------+--------+--------+-----+--------+
         Total |   2172 |   2157 |     15 |      0 |   1872 |   2 | 1086.0 |
       Dungeon |   2172 |   2157 |     15 |      0 |   1872 |   2 | 1086.0 |
               +--------+--------+--------+--------+--------+-----+--------+

Top non-repeatable levels by time:
     D:1: 1458 daAuts
     D:2: 714 daAuts
